 Dungeon Crawl Stone Soup version 0.18.1-6-gd335043 (webtiles) character file.

86258 jacquesderrida the Spear-Bearer (level 15, 17/123 HPs)
             Began as a Demonspawn Skald on May 16, 2016.
             Was a High Priest of Ashenzari.
             Quit the game on level 4 of the Swamp.
             The game lasted 01:40:25 (13734 turns).

jacquesderrida the Spear-Bearer (Demonspawn Skald) Turns: 13734, Time: 01:40:25

Health: 17/123     AC: 16    Str: 13    XL:     15   Next: 40%
Magic:  22/22      EV: 24    Int: 15    God:    Ashenzari [*****.]
Gold:   810        SH:  2    Dex: 23    Spells: 3 memorised, 16 levels left

rFire  + . .     SeeInvis +     R - +4 glaive
rCold  . . .     Gourm    .     w - +0 swamp dragon armour (curse)
rNeg   + . .     Faith    .     (shield currently unavailable)
rPois  +         Spirit   .     q - +1 helmet (curse)
rElec  .         Dismiss  .     r - +2 cloak (curse)
rCorr  .         Reflect  +     v - +0 pair of gloves
SustAt .         Harm     .     (no boots)
MR     +....     Clarity  +     P - +2 amulet of reflection
Stlth  ++........               (no ring)
                                J - ring of protection from fire

@: mildly poisoned (17 -> 17), very slightly contaminated, slowed, very slow,
somewhat resistant to hostile enchantments, unstealthy
A: hooves 2, thin skeletal structure 3, demonic guardian 1, negative energy
resistance 1, powered by death 2, 50% torment resistance
a: Curse Item, Scrying, Transfer Knowledge, Renounce Religion


You were on level 4 of the Swamp.
You worshipped Ashenzari.
Ashenzari was extremely pleased with you.
You were not hungry.

You visited 6 branches of the dungeon, and saw 31 of its levels.

You collected 2169 gold pieces.
You spent 1359 gold pieces at shops.

Inventory:

Hand Weapons
 f - a +2 trident of venom
 u - a +1 scimitar of flaming
 O - a +8 blowgun
 R - a +4 glaive (weapon)
Missiles
 E - 6 tomahawks of returning
 I - 6 curare-tipped needles
 T - a throwing net (quivered)
Armour
 l - a +1 leather armour of poison resistance
 n - a +1 ring mail of fire resistance
 q - a cursed +1 helmet (worn)
 r - a cursed +2 cloak (worn)
 v - a +0 pair of gloves (worn)
 w - a cursed +0 swamp dragon armour (worn)
 x - a storm dragon hide
 C - the +1 ring mail of Wrong Decisions {rF+ rC+ Int+6 Dex+2}
   (You found it on level 14 of the Dungeon)

   It affects your intelligence (+6).
   It affects your dexterity (+2).
   It protects you from fire.
   It protects you from cold.
 H - a +0 ring mail of magic resistance
Jewellery
 j - an uncursed ring of ice
 G - an uncursed ring of resist corrosion
 J - a ring of protection from fire (left hand)
 P - a +2 amulet of reflection (around neck)
Wands
 g - a wand of disintegration (10/24)
 m - a wand of digging (14/24)
 y - a wand of heal wounds (1/9)
 z - a wand of iceblast (1/15)
 B - a wand of lightning (4/15)
Scrolls
 b - 6 scrolls of remove curse
 c - 3 scrolls of enchant weapon
 h - 2 scrolls of teleportation
 i - 3 scrolls of fog
 t - a scroll of amnesia
 A - a scroll of immolation
 F - 3 scrolls of magic mapping
 U - a scroll of enchant armour
 X - a scroll of recharging
Potions
 a - 2 potions of cancellation {unknown}
 e - 2 potions of cure mutation
 k - 6 potions of curing
 p - 4 potions of brilliance
 s - a potion of ambrosia
 K - a potion of flight
 M - a potion of lignification
Miscellaneous
 D - a stone of tremors
Comestibles
 d - 14 bread rations
 Q - 4 meat rations
 S - 4 royal jellies


   Skills:
 - Level 13.1 Fighting
 + Level 13.5 Polearms
 + Level 5.3(8.0) Armour
 - Level 12.3(14.7) Dodging
 - Level 5.0 Spellcasting
 - Level 4.3 Hexes
 - Level 9.7 Charms
 - Level 6.0 Necromancy


You had 16 spell levels left.
You knew the following spells:

 Your Spells              Type           Power        Failure   Level  Hunger
a - Song of Slaying       Chrm           ####....     1%          2    ##.....
b - Spectral Weapon       Hex/Chrm       ###.....     8%          3    ###....
r - Regeneration          Chrm/Necr      ####......   4%          3    ###....


Dungeon Overview and Level Annotations

Branches:
Dungeon (15/15)            Temple (1/1) D:4            Lair (8/8) D:8
  Swamp (4/4) Lair:3          Orc (2/2) D:11            Elf (1/3) Orc:2
 Vaults (0/5) D:13
  Snake: Lair:3-6    Spider: Lair:3-6     Slime: Lair:6-8    Depths: D:15

Altars:
Ashenzari
Cheibriados
Dithmenos
Elyvilon
Fedhas
Gozag
Kikubaaqudgha
Makhleb
Nemelex Xobeh
Okawaru
Pakellas
Qazlal
Ru
Sif Muna
Trog
Vehumet
Xom
Yredelemnul
The Shining One

Shops:
D:7 !   D:10 *   D:12 *   Orc:2 %([(*

Annotations:
D:4 Pikel, Sigmund
D:10 1 exclusion
Lair:3 SWAMP
Swamp:2 Louise
Swamp:4 Donald


Innate Abilities, Weirdness & Mutations

You have hoof-like feet.
You have an unnaturally thin skeletal structure (Dex +6, Stealth++).
A weak demonic guardian rushes to your aid.
You resist negative energy.
You regenerate health from kills.
You are somewhat able to resist unholy torments (1 in 2 success).


Message History

Unknown command.
Unknown command.
Unknown command.
Read which item? (? for menu, Esc to quit)
Blink to where?
Press: ? - help, Dir - move target cursor
As you read the scroll of blinking, it crumbles to dust.
A swamp dragon comes into view.
Your spectral weapon fades away.
The swamp dragon breathes poison at you.
The blast of poison engulfs you! You resist.
* * * LOW HITPOINT WARNING * * *
Your quasit closely misses the bog body.
Your quasit completely misses the bog body.
Your quasit barely misses the bog body.
The swamp drake breathes noxious fumes at you.
The noxious blast misses you.
Found a potion of mutation.
Unknown command.
Are you sure you want to abandon this character and quit the game? (Confirm with "yes".)

*≈≈≈, *, * ≈ , *, ,
≈≈.≈≈≈# ##... , , ,,
≈≈.≈♣.#* #≈D≈.. , ≈ ≈ *
≈≈..≈≈≈ ≈....≈ ≈ ♣♣ *
,....≈≈♣ ♣..§≈≈≈, ≈ * ♣♣♣
* ≈≈.≈≈≈.♣.≈≈≈≈≈≈ ,* ♣♣♣
*≈≈ ≈≈≈≈≈≈!≈.≈≈≈≈≈≈≈
♣♣♣♣♣ ≈≈≈≈≈≈§§§≈≈...≈, ≈
..≈♣♣ ≈≈≈≈≈§§@§D≈≈♣
**.≈≈≈≈≈♣♣ ,≈≈
≈≈≈≈≈≈§§§§§≈♣ ≈.≈≈≈≈.♣
≈≈≈≈≈≈≈.§§≈≈.♣♣♣.)≈≈≈≈..
≈
≈≈≈§≈≈≈.§≈§≈D♣.≈≈≈≈≈..≈.
≈≈≈≈§≈≈.≈≈≈DD≈≈≈≈≈≈≈≈.♣♣
≈≈
≈≈≈≈≈≈≈≈..≈kk≈≈≈≈≈≈≈≈.≈♣♣
≈
≈≈≈≈≈≈≈.≈.≈Dyn≈≈..≈.♣♣♣♣
≈≈≈
≈≈≈.≈≈≈≈♣♣♣♣..5..$≈♣♣♣♣♣
≈≈ ≈≈≈≈ ♣♣♣♣≈.≈♣♣♣♣♣♣


You could see a five-headed hydra (wandering), 5 swamp dragons, a bog body, 2
swamp drakes, a vampire mosquito and a friendly quasit.

Vanquished Creatures
  Nikola (Swamp:2)
  Rupert (D:15)
  A sphinx (D:14)
  A storm dragon (D:14)
  Aizul (Swamp:1)
  A war gargoyle (D:14)
  Azrael (D:14)
  A dire elephant (Lair:8)
  A ghost crab (Swamp:1)
  7 hydras
  An anaconda (Lair:8)
  An alligator (Swamp:1)
  2 centaur warriors
  A death knight (D:14)
  2 tengu warriors (D:14)
  A deep troll earth mage (D:14)
  4 death yaks (Lair:7)
  3 orc high priests (Orc:2)
  Sonja (D:10)
  A spriggan (Swamp:2)
  3 unseen horrors
  A wizard (D:13)
  6 swamp dragons
  2 shambling mangroves (Swamp:1)
  6 hill giants
  4 orc knights
  A griffon (Lair:7)
  4 deep elf magi (Elf:1)
  3 orc sorcerers (Orc:2)
  3 hornets
  5 ugly things
  A manticore (D:13)
  Maurice (Orc:2)
  5 elephants
  7 spiny frogs
  A centaur skeleton (D:14)
  2 rime drakes (Lair:7)
  4 komodo dragons
  A yaktaur (D:14)
  A freezing wraith (D:13)
  An efreet (D:14)
  A tengu conjurer (D:14)
  A merfolk (D:8)
  A polar bear (Lair:5)
  7 trolls
  4 giant leeches
  4 two-headed ogres
  A raiju (shapeshifter) (D:13)
  10 blink frogs
  3 slime creatures
  A bog body (Swamp:1)
  A shadow (D:15)
  52 yaks
  7 wyverns
  A hungry ghost (D:10)
  11 hippogriffs
  2 basilisks
  10 vampire mosquitoes
  9 water moccasins
  12 swamp worms
  7 porcupines
  4 swamp drakes
  18 orc warriors
  A necrophage (D:12)
  4 wasps
  2 eyes of draining
  7 black bears
  5 ice beasts
  24 wolves
  3 phantoms
  6 ogres
  10 centaurs
  4 big kobolds
  11 crocodiles
  2 gnoll sergeants (D:8)
  15 giant frogs
  A wyvern skeleton (D:12)
  3 scorpions
  15 killer bees
  6 wights
  2 electric eels
  6 crimson imps
  2 giant frog zombies
  12 hounds
  2 jellies
  2 giant frog skeletons
  18 orc wizards
  3 gnoll shamans
  8 orc priests
  10 iguanas
  5 worker ants
  16 sheep
  2 hound zombies
  A hound skeleton (D:9)
  9 gnolls
  A howler monkey skeleton (D:6)
  8 adders
  23 river rats
  4 shadow imps
  2 oozes (D:4)
  An adder zombie (D:5)
  2 dart slugs (D:1)
  2 giant geckos
  47 orcs
  A bat (D:1)
  4 giant cockroaches
  5 goblins
  A hobgoblin (D:2)
  2 jackals (D:3)
  2 quokkas
  A giant gecko zombie (D:9)
  A giant newt (D:6)
  A jackal skeleton (D:8)
  19 kobolds
  3 rats
  A fungus (Lair:8)
  3 plants
613 creatures vanquished.

Vanquished Creatures (collateral kills)
  A hydra (Swamp:2)
  An orc high priest (Orc:2)
  A deep elf mage (D:14)
  A black mamba (Lair:8)
  2 spiny frogs
  A centaur skeleton (D:15)
  2 yaks
  2 vampire mosquitoes
  A hungry ghost (D:9)
  3 centaurs
  2 giant frogs
  A gnoll sergeant (D:8)
  A howler monkey (D:8)
  An orc priest (Orc:2)
  A gnoll (Orc:1)
  An adder (D:7)
  6 orcs
  A giant newt (D:5)
29 creatures vanquished.

Vanquished Creatures (others)
  A catoblepas (Lair:8)
  An elephant (Lair:8)
  A water elemental (Elf:1)
  3 briar patches (Swamp:4)
  13 fungi
  15 plants
  55 spectral weapons
89 creatures vanquished.

Grand Total: 731 creatures vanquished

Notes
Turn   | Place    | Note
--------------------------------------------------------------
     0 | D:1      | jacquesderrida the Demonspawn Skald began the quest for the Orb.
     0 | D:1      | Reached XP level 1. HP: 16/16 MP: 3/3
   105 | D:1      | Gained mutation: You regenerate a little health from kills. [demonic ancestry]
   105 | D:1      | Reached XP level 2. HP: 19/22 MP: 5/5
   302 | D:2      | Gained mutation: A weak demonic guardian rushes to your aid. [demonic ancestry]
   302 | D:2      | Reached XP level 3. HP: 27/27 MP: 1/6
   586 | D:4      | Learned a level 3 spell: Spectral Weapon
   658 | D:4      | Noticed a phantom
   701 | D:4      | Killed a phantom
   701 | D:4      | Reached XP level 4. HP: 30/33 MP: 1/7
   738 | D:4      | Found a staircase to the Ecumenical Temple.
   744 | Temple   | Entered the Ecumenical Temple
   759 | Temple   | Became a worshipper of Ashenzari the Shackled
   793 | D:4      | Gained mutation: You have a somewhat thin skeletal structure (Dex +2, Stealth). [demonic ancestry]
   793 | D:4      | Reached XP level 5. HP: 38/38 MP: 2/8
   936 | D:4      | Noticed Sigmund
   936 | D:4      | Noticed an ogre
   957 | D:5      | Entered Level 5 of the Dungeon
   972 | D:4      | Noticed a slave
   973 | D:4      | Noticed Pikel
   988 | D:5      | Noticed a centaur
   993 | D:5      | Killed a centaur
   993 | D:5      | Gained mutation: You have a moderately thin skeletal structure (Dex +4, Stealth+). [demonic ancestry]
   993 | D:5      | Reached XP level 6. HP: 33/44 MP: 5/9
  1011 | D:5      | Found an opulent altar of Gozag.
  1012 | D:5      | Found a shimmering altar of Xom.
  1128 | D:5      | Noticed an ice beast
  1135 | D:5      | Killed an ice beast
  1166 | D:5      | Found a blossoming altar of Fedhas.
  1174 | D:5      | Found a glowing golden altar of the Shining One.
  1250 | D:5      | Reached skill level 5 in Polearms
  1250 | D:5      | Reached XP level 7. HP: 40/50 MP: 6/10
  1308 | D:6      | Reached skill level 1 in Dodging
  1367 | D:6      | Learned a level 3 spell: Regeneration
  1430 | D:5      | Reached * piety under Ashenzari
  1664 | D:6      | Found an ancient bone altar of Kikubaaqudgha.
  1692 | D:6      | Gained mutation: You have an unnaturally thin skeletal structure (Dex +6, Stealth++). [demonic ancestry]
  1692 | D:6      | Reached XP level 8. HP: 59/60 MP: 6/11
  1723 | D:6      | Found a sacrificial altar of Ru.
  1903 | D:6      | Identified 2 scrolls of acquirement
  1913 | D:6      | Got the cursed broad axe of Hupsi {vamp, rC- Dex+7}
  1931 | D:6      | Identified the cursed +4 broad axe of Hupsi {vamp, rC- Dex+7} (You acquired it on level 6 of the Dungeon)
  1932 | D:6      | Identified the cursed +2 shortbow "Zead" {freeze, rPois MP+9 Int+4} (You acquired it on level 6 of the Dungeon)
  2026 | D:7      | Found Huoruvog's Distillery.
  2032 | D:7      | Bought a potion of heal wounds for 55 gold pieces
  2032 | D:7      | Bought a potion of heal wounds for 55 gold pieces
  2099 | D:7      | Found a snail-covered altar of Cheibriados.
  2306 | D:8      | Reached skill level 5 in Fighting
  2498 | D:8      | Gained mutation: You have large cloven feet. [demonic ancestry]
  2498 | D:8      | Reached XP level 9. HP: 34/69 MP: 4/12
  2556 | D:8      | Reached ** piety under Ashenzari
  2645 | D:8      | Reached skill level 1 in Necromancy
  2647 | D:8      | Reached skill level 5 in Dodging
  2725 | D:8      | Noticed a merfolk
  2737 | D:8      | Killed a merfolk
  2781 | D:8      | Found a staircase to the Lair.
  2931 | D:8      | Gained mutation: You resist negative energy. [demonic ancestry]
  2931 | D:8      | Reached XP level 10. HP: 53/79 MP: 6/13
  3342 | D:9      | Reached skill level 5 in Necromancy
  3685 | D:10     | Entered Level 10 of the Dungeon
  3752 | D:10     | Found Fecet's Assorted Antiques.
  3797 | D:10     | Bought a lumpy green potion for 19 gold pieces
  3797 | D:10     | Bought a bubbling white potion for 19 gold pieces
  3797 | D:10     | Bought a scroll labeled GEUKHORH IVAOS for 22 gold pieces
  3808 | D:10     | Noticed Sonja
  3817 | D:10     | Killed Sonja
  3822 | D:10     | Killed an unseen horror
  3822 | D:10     | Reached XP level 11. HP: 66/87 MP: 14/14
  3925 | D:10     | Learned a level 2 spell: Song of Slaying
  4308 | D:10     | Bought a twisted jade amulet for 110 gold pieces
  4492 | D:11     | Noticed a hill giant
  4507 | D:11     | Killed a hill giant
  4579 | D:11     | Found a staircase to the Orcish Mines.
  4580 | D:11     | Noticed a hill giant
  4621 | D:11     | Killed a hill giant
  4621 | D:11     | Reached skill level 5 in Charms
  4742 | D:11     | Noticed a hill giant
  4757 | D:11     | Killed a hill giant
  4886 | D:12     | Noticed a four-headed hydra
  5041 | D:12     | Reached *** piety under Ashenzari
  5041 | D:12     | Found Riuxtiyr's Assorted Antiques.
  5070 | D:12     | Bought a scroll labeled ORUONOSKOWN for 27 gold pieces
  5112 | D:12     | Reached skill level 10 in Polearms
  5256 | D:12     | Reached skill level 10 in Fighting
  5323 | D:12     | Reached XP level 12. HP: 31/97 MP: 9/15
  5415 | D:12     | Killed a four-headed hydra
  5832 | D:13     | Paralysed by a wizard for 7 turns
  6036 | D:13     | Found a gate to the Vaults.
  6190 | D:15     | Entered Level 15 of the Dungeon
  6319 | Orc:1    | Entered Level 1 of the Orcish Mines
  6428 | Orc:2    | Entered Level 2 of the Orcish Mines
  6428 | Orc:2    | Noticed an orc high priest
  6580 | Lair:1   | Entered Level 1 of the Lair of Beasts
  6810 | Lair:1   | Reached skill level 1 in Armour
  6924 | Lair:2   | Reached **** piety under Ashenzari
  6965 | Lair:2   | Found a sparkling altar of Nemelex Xobeh.
  7523 | Lair:3   | Noticed an eight-headed hydra
  7608 | Lair:5   | Gained mutation: You are somewhat able to resist unholy torments (1 in 2 success). [demonic ancestry]
  7608 | Lair:5   | Reached XP level 13. HP: 105/105 MP: 14/18
  7616 | Lair:5   | Identified the +2 robe of Baldness {+Blink rF- rC+++ Str-3}
  7718 | Lair:5   | Reached skill level 10 in Dodging
  8186 | Lair:8   | Entered Level 8 of the Lair of Beasts
  8658 | Lair:7   | Reached skill level 5 in Spellcasting
  8665 | Lair:8   | Reached ***** piety under Ashenzari
  9300 | Lair:8   | Noticed a dire elephant
  9300 | Lair:8   | Noticed a dire elephant
  9300 | Lair:8   | Noticed a dire elephant
  9302 | Lair:8   | Noticed a dire elephant
  9308 | Lair:8   | Noticed a dire elephant
  9355 | Lair:8   | Killed a dire elephant
  9866 | Orc:2    | Found Xuipsizio's Antique Armour Shop.
  9866 | Orc:2    | Found Fughesac's Food Shop.
  9998 | Orc:2    | Found Onocsim's Assorted Antiques.
  9998 | Orc:2    | Noticed Maurice
 10020 | Orc:2    | Killed Maurice
 10027 | Orc:2    | Found a staircase to the Elven Halls.
 10181 | Orc:2    | Bought a scorched chain mail for 342 gold pieces
 10181 | Orc:2    | Identified the +0 chain mail "Kashra" {rC+} (You bought it in a shop on level 2 of the Orcish Mines)
 10476 | Orc:2    | Gained mutation: You regenerate health from kills. [demonic ancestry]
 10476 | Orc:2    | Reached XP level 14. HP: 113/113 MP: 17/21
 10746 | Orc:2    | Found Piodgh's Weapon Shoppe.
 10751 | Orc:2    | Found Pywudd's Weapon Shoppe.
 10762 | Orc:2    | Bought a runed helmet for 148 gold pieces
 10762 | Orc:2    | Bought an embroidered cloak for 148 gold pieces
 10762 | Orc:2    | Bought a glowing ring mail for 132 gold pieces
 10789 | Orc:2    | Bought a +3 glaive for 282 gold pieces
 10951 | Elf:1    | Entered Level 1 of the Elven Halls
 11201 | D:14     | Noticed a sphinx
 11201 | D:14     | Noticed a war gargoyle
 11216 | D:14     | Killed a sphinx
 11241 | D:14     | Killed a war gargoyle
 11245 | D:14     | Identified the +1 ring mail of Wrong Decisions {rF+ rC+ Int+6 Dex+2}
 11246 | D:14     | Noticed a storm dragon
 11280 | D:14     | Killed a storm dragon
 11740 | D:15     | Noticed Rupert
 11793 | D:15     | Killed Rupert
 12030 | D:15     | Noticed Azrael
 12046 | D:14     | Killed Azrael
 12541 | Lair:3   | Found a staircase to the Swamp.
 12558 | Swamp:1  | Entered Level 1 of the Swamp
 12638 | Swamp:1  | Gained mutation: You have hoof-like feet. [demonic ancestry]
 12638 | Swamp:1  | Reached XP level 15. HP: 94/122 MP: 18/22
 12724 | Swamp:2  | Noticed Nikola
 12892 | Swamp:2  | Noticed Aizul
 12983 | Swamp:1  | Killed Aizul
 13142 | Swamp:2  | Killed Nikola
 13243 | Swamp:2  | Noticed Louise
 13374 | Swamp:2  | Reached skill level 5 in Armour
 13495 | Swamp:4  | Entered Level 4 of the Swamp
 13582 | Swamp:4  | Noticed a thorn hunter
 13595 | Swamp:4  | Noticed Donald
 13734 | Swamp:4  | Quit the game

Skill      XL: |  1  2  3  4  5  6  7  8  9 10 11 12 13 14 15 |
---------------+----------------------------------------------+-----
Polearms       | 2 3 4 5 7 8 9 10 11 12 13 | 13.5
Charms         | 3 4 5 7 8 9 |  9.7
Hexes          | 2 3 4 |  4.3
Dodging        | 2 4 6 7 8 9 10 12 | 12.3
Fighting       | 3 5 7 8 10 11 12 13 | 13.1
Necromancy     | 4 6 |  6.0
Armour         | 3 5 |  5.3
Spellcasting   | 3 5 |  5.0

Action                   |  1- 3 |  4- 6 |  7- 9 | 10-12 | 13-15 || total
-------------------------+-------+-------+-------+-------+-------++-------
Melee: Spear             |    88 |       |       |       |       ||    88
       Trident           |     5 |    46 |   221 |   876 |   644 ||  1792
       Broad axe         |       |       |     6 |       |       ||     6
       Kick              |       |       |    23 |   300 |   458 ||   781
       Glaive            |       |       |       |       |   493 ||   493
       Scimitar          |       |       |       |       |    27 ||    27
 Fire: Blowgun           |       |       |       |       |     7 ||     7
 Cast: Infusion          |     5 |     1 |       |       |       ||     6
       Spectral Weapon   |       |     5 |    30 |    89 |   123 ||   247
       Regeneration      |       |       |       |    10 |    61 ||    71
       Song of Slaying   |       |       |       |     4 |     1 ||     5
Invok: Curse Item        |       |     1 |       |       |     4 ||     5
       Scrying           |       |       |       |     2 |     7 ||     9
Evoke: Wand              |       |       |    11 |    17 |    14 ||    42
  Use: Potion            |     1 |     1 |     1 |     4 |    11 ||    18
       Scroll            |       |       |    13 |    19 |    17 ||    49
 Stab: Sleeping          |     1 |       |     7 |    19 |    11 ||    38
       Distracted        |       |       |     5 |     9 |    21 ||    35
       Paralysed         |       |       |     1 |       |       ||     1
       Confused          |       |       |       |     1 |       ||     1
  Eat: Chunk             |       |     1 |     9 |    24 |    14 ||    48
       Fruit             |       |       |     3 |     2 |    11 ||    16
       Bread ration      |       |       |     1 |       |       ||     1
       Pizza             |       |       |       |     2 |     1 ||     3
       Royal jelly       |       |       |       |     1 |     1 ||     2
       Beef jerky        |       |       |       |     1 |       ||     1
       Meat ration       |       |       |       |       |     3 ||     3
Armor: Leather armour    |    17 |     5 |    36 |    71 |    84 ||   213
       Swamp dragon armo |       |       |       |       |    93 ||    93
Dodge: Dodged            |    42 |    25 |   130 |   590 |  1146 ||  1933
Block: Other             |       |       |       |    38 |    84 ||   122
       Reflection        |       |       |       |     3 |       ||     3
